 Dungeon Crawl Stone Soup version 0.30-a0-824-g6c64550be9 (webtiles) character file.

Game seed: 17995394936247578937

44 cforsyth the Sneak (level 3, -2/22 HPs)
             Began as a Kobold Brigand on Feb 27, 2023.
             Killed from afar by Terence (10 damage)
             ... with a puff of flame
             ... on level 3 of the Dungeon.
             The game lasted 00:01:05 (1376 turns).

cforsyth the Sneak (Kobold Brigand)                 Turns: 1376, Time: 00:01:06

Health: -2/22      AC:  3    Str:  8    XL:     3   Next: 85%
Magic:  3/3        EV: 15    Int: 12    God:
Gold:   130        SH:  0    Dex: 18    Spells: 2/2 levels left

rFire   . . .      SeeInvis +    a - +2 dagger
rCold   . . .      Faith    .    (no shield)
rNeg    . . .      Spirit   .    b - +0 robe
rPois   .          Reflect  .    (no helmet)
rElec   .          Harm     .    c - +0 cloak
rCorr   .          Rampage  .    (no gloves)
Will    .....                    (no boots)
Stlth   ++++                     (no amulet)
HPRegen 0.23/turn                i - ring of see invisible
MPRegen 0.08/turn                (no ring)

@: no status effects
A: small, no large weapons, nightstalker 3
a: no special abilities


You were on level 3 of the Dungeon.
You visited 1 branch of the dungeon, and saw 3 of its levels.

You collected 130 gold pieces.

Inventory:

Hand Weapons
 a - a +2 dagger (weapon)
Missiles
 d - 9 poisoned darts (quivered)
 e - 3 curare-tipped darts
Armour
 b - a +0 robe (worn)
 c - a +0 cloak (worn)
Jewellery
 i - a ring of see invisible (left hand)
Scrolls
 f - 2 scrolls of blinking {unknown}
 g - a scroll of fog {unknown}
 k - 2 scrolls of teleportation {unknown}
 l - 2 scrolls of identify {unknown}
Potions
 h - a potion of ambrosia {unknown}
 j - a potion of resistance {unknown}
 m - a potion of lignification {unknown}
 n - a potion of heal wounds {unknown}
 o - a potion of brilliance {unknown}


   Skills:
 + Level 2.8 Fighting
 + Level 3.5 Short Blades
 - Level 2.1 Throwing
 + Level 2.2 Dodging
 + Level 5.8 Stealth


You had 2 spell levels left.
You didn't know any spells.
Your spell library contained the following spells:

 Spells                   Type           Power      Damage    Failure   Level
 Apportation              Tloc           0%         N/A       32%         1
 Necrotise                Necr           0%         1d4       32%         1
 Summon Small Mammal      Summ           0%         N/A       32%         1
 Kindle Blastsparks       Fire/Tloc/Air  0%         2d10      69%         3
 Ozocubu's Armour         Ice            0%         N/A       69%         3
 Fulminant Prism          Conj/Hex       0%         3d5       97%         4
 Iskenderun's Mystic Bla  Conj/Tloc      0%         2d3       97%         4
 Lee's Rapid Deconstruct  Erth           0%         3d4*      100%        5
 Ozocubu's Refrigeration  Ice            0%         4d7       100%        7


Dungeon Overview and Level Annotations

Branches:
Dungeon (3/15)

Altars:
Nemelex Xobeh

Annotations:
D:3 Terence


Innate Abilities, Weirdness & Mutations

You are small and have problems with some larger weapons.
You are completely attuned to the shadows.


Message History

No target in view!
No target in view!
l - 2 scrolls labelled PODUURGH YSCHI (gained 1)
Found a trident.
Things that are here:
a +0 hand axe; an orc corpse Terence the Incautious comes into view.
He is wielding a +0 hand axe and carrying a wand of flame (29).
A giant cockroach comes into view.
Found 9 gold pieces.
Found an escape hatch in the floor.
Terence shouts!
Terence barely misses you.
You hit Terence.
Terence is moderately wounded.
Terence hits you with a +0 hand axe.
You hit Terence but do no damage.
Terence is moderately wounded.
Terence closely misses you.
You hit Terence.
Terence is moderately wounded.
You barely miss Terence.
Terence is moderately wounded.
Terence hits you with a +0 hand axe!
You closely miss Terence.
Terence is moderately wounded.
Terence completely misses you.
You hit Terence.
Terence is moderately wounded.
Terence hits you with a +0 hand axe.
You hit Terence but do no damage.
Terence is moderately wounded.
Terence hits you but does no damage.
You hit Terence but do no damage. You punch Terence.
Terence is heavily wounded.
You closely miss Terence.
Terence is heavily wounded.
Terence zaps a wand.
The puff of flame misses you.
You hit Terence.
Terence is severely wounded.
Terence zaps a wand.
The puff of flame hits you!
You die...

#.# .# # #.#
.# .. #.# .#
.$.####)# .#
.>B@@...###
.# #.#
...####...#
)#####.# #.#.
#.#.#
#...##.# #.#
#)#.#
.##.##.# #.#
#.#.#
###.##.# #.#
#.#.## #
#.#..####.###
#....#
#........#..#
###..#
###.#####.#.#
#..#


You could see Terence and a giant cockroach.

Vanquished Creatures
  2 adders (D:2)
  A dart slug (D:2)
  An orc (D:3)
  3 ball pythons
  2 endoplasms (D:1)
  A giant cockroach (D:2)
  3 goblins
  4 hobgoblins
  A bat (D:2)
  A frilled lizard (D:3)
  A kobold (D:2)
  A rat (D:3)
21 creatures vanquished.

Notes
Turn   | Place    | Note
-------+----------+-------------------------------------------
     0 | D:1      | cforsyth the Kobold Brigand began the quest for the Orb.
     0 | D:1      | Reached XP level 1. HP: 12/12 MP: 1/1
   195 | D:1      | Reached XP level 2. HP: 18/18 MP: 2/2
   274 | D:1      | You fall into a shaft and drop 1 floor!
   348 | D:2      | Found a sparkling altar of Nemelex Xobeh.
   483 | D:2      | Reached XP level 3. HP: 14/22 MP: 3/3
  1364 | D:3      | Noticed Terence
  1376 | D:3      | Killed from afar by Terence

Illustrated notes

Levels and vault maps discovered:
D:1:      scummos_arrival_simple_fountains, layout_basic, serial_park_tiny_1,
          serial_park_tiny_2, minmay_pentomino_z2
D:2:      kennysheep_big_flooded_room, layout_basic, basic_altar,
          serial_bayou_pond_e, minmay_misc_feat_chi, serial_bayou_crossing
D:3:      layout_loops_ring, nicolae_ashenzari_skybound,
          hangedman_feature_mirror, uniq_terence

Skill      XL: |  1  2 |
---------------+-------+-----
Short Blades   | 3 |  3.5
Dodging        | 2 |  2.2
Fighting       | |  2.8
Throwing       | |  2.1
Stealth        | |  5.8

Action                     || total
---------------------------++-------
  Melee: Dagger            ||    51
         Punch             ||     1
   Stab: Sleeping          ||    15
 Armour: Robe              ||     6
  Dodge: Dodged            ||    22

Table legend: (Time is in decaauts)
 A = Elapsed time spent in this place.
 B = Non-inter-level travel time spent in this place.
 C = Inter-level travel time spent in this place.
 D = Time resting spent in this place.
 E = Time spent auto-exploring this place.
 F = Levels seen in this place.
 G = Mean time per level.
                   A        B        C        D        E       F      G
               +--------+--------+--------+--------+--------+-----+--------+
         Total |   1398 |   1359 |     39 |      0 |   1208 |   3 |  466.0 |
       Dungeon |   1398 |   1359 |     39 |      0 |   1208 |   3 |  466.0 |
               +--------+--------+--------+--------+--------+-----+--------+

Top non-repeatable levels by time:
     D:2: 950 daAuts
     D:1: 272 daAuts
     D:3: 175 daAuts
